 Dungeon Crawl Stone Soup version 0.31-a0-246-g8cbcc1cb85 (webtiles) character file.

Game seed: 2578911140423309189

353561 qw the Conqueror (level 21, -11/224 HPs)
             Began as a Minotaur Hexslinger on July 12, 2023.
             Was an Elder of Okawaru.
             Mangled by a spriggan defender
             ... wielding a +1 demon whip of venom
             ... led by the Enchantress
              (17 damage)
             ... on level 3 of the Depths.
             The game lasted 00:23:37 (44043 turns).

qw the Conqueror (Minotaur Hexslinger)             Turns: 44043, Time: 00:23:37

Health: -11/224    AC: 21    Str: 17    XL:     21   Next: 33%
Magic:  28/28      EV: 47    Int: 10    God:    Okawaru [****..]
Gold:   1909       SH:  0    Dex: 35    Spells: 21/22 levels left

rFire   . . .        r - +7 longbow (elec)
rCold   + . .        (shield currently unavailable)
rNeg    . . .        u - +2 leather armour "Biupnew" {*Slow rC+ Str+3 SInv}
rPois   .            s - +2 hat {Will+}
rElec   .            d - +2 cloak {Will+}
rCorr   .            k - +2 pair of gloves
SInv    +            c - +2 pair of boots
Will    +++..        p - amulet of faith
Stlth   ++++         w - +6 ring of dexterity
HPRegen 0.57/turn    A - +6 ring of dexterity
MPRegen 0.21/turn

%: slow self (1%), faith
@: lethally poisoned (-11 -> -34), about to teleport, heroic, slowed, very slow
A: horns 2, retaliatory headbutt
}: 2/15 runes: decaying, serpentine
a: Renounce Religion, Heroism, Finesse


You were on level 3 of the Depths.
You worshipped Okawaru.
Okawaru was greatly pleased with you.
You visited 7 branches of the dungeon, and saw 37 of its levels.
You also visited: Sewer.

You collected 5652 gold pieces.
You spent 3743 gold pieces at shops.


Innate Abilities, Weirdness & Mutations

You have a pair of horns on your head.
You reflexively headbutt those who attack you in melee.


   Skills:
 O Level 27 Fighting
 + Level 20.1(25.1) Ranged Weapons
 - Level 16.0(21.0) Armour
 - Level 22.0(27) Dodging
 - Level 1.0 Spellcasting
 - Level 2.0 Hexes
 - Level 11.1 Invocations


You had 21 spell levels left.
You knew the following spells:

 Your Spells              Type           Power      Damage    Failure   Level
a - Slow                  Hex            16%        N/A       17%         1

Your spell library contained the following spells:

 Spells                   Type           Power      Damage    Failure   Level
 Inner Flame              Hex/Fire       2%         N/A       58%         3
 Portal Projectile        Hex/Tloc       4%         N/A       58%         3
 Cause Fear               Hex            2%         N/A       86%         4

Inventory:

Hand Weapons
 r - a +7 longbow of electrocution (weapon)
Armour
 c - a +2 pair of boots (worn)
 d - a +2 cloak of willpower (worn)
 f - the +1 hat of Light {-Tele rPois Dex+3}
   (You acquired it on level 6 of the Dungeon)

   Dex:       It affects your dexterity (+3).
   rPois:     It protects you from poison.
   -Tele:     It prevents most forms of teleportation.
 k - a +2 pair of gloves (worn)
 l - a +0 ring mail of fire resistance
 s - a +2 hat of willpower (worn)
 u - the +2 leather armour "Biupnew" (worn) {*Slow rC+ Str+3 SInv}
   (You bought it in a shop on level 9 of the Dungeon)

   Str:       It affects your strength (+3).
   rC:        It protects you from cold.
   SInv:      It lets you see invisible.
   *Slow:     It may slow you when you take damage.
 x - a +0 troll leather armour
Jewellery
 o - the amulet "Jaabof" {Regen+ Int+5 Slay+3}
   (You took it off a yaktaur captain on level 3 of the Vaults)

   [amulet of regeneration]

   Int:       It affects your intelligence (+5).
   Slay:      It affects your accuracy & damage with ranged weapons and melee
   (+3).
   Regen:     It increases your rate of health regeneration.
 p - an amulet of faith (around neck)
 w - a +6 ring of dexterity (left hand)
 A - a +6 ring of dexterity (right hand)
Wands
 y - a wand of digging (6)
Scrolls
 b - 26 scrolls of identify
 g - 3 scrolls of enchant armour
 q - 12 scrolls of teleportation
Potions
 a - 20 potions of curing
 e - 6 potions of heal wounds
 h - 5 potions of might
 i - 4 potions of enlightenment
 j - 9 potions of haste
 m - 5 potions of mutation
 n - 6 potions of magic
 v - 2 potions of resistance

Dungeon Overview and Level Annotations

Branches:
Dungeon (15/15)            Temple (0/1) D:4            Lair (5/5) D:11
  Swamp (4/4) Lair:3        Snake (4/4) Lair:3        Slime (0/5) Lair:4
    Orc (2/2) D:9             Elf (0/3) Orc:2        Vaults (4/5) D:14
  Crypt (0/3) Vaults:2     Depths (3/4) D:15          Sewer (visited)

Altars:
Ashenzari
Cheibriados
Dithmenos
Fedhas
Gozag
Hepliaklqana
Kikubaaqudgha
Nemelex Xobeh
Okawaru
Qazlal
Sif Muna
Xom
Yredelemnul

Shops:
D:4 *   D:5 ?   D:9 :[*?   D:14 **   Orc:2 =[(*?   Vaults:2 (   Vaults:3 :
Depths:2 [::=

Portals:
Hell: Depths:1 Depths:2 Depths:3
Pandemonium: Depths:2
Trove: D:12 (show abyssal rune of Zot)

Annotations:
D:9 1 runed translucent door
D:10 2 transporters, qw's ghost, journeyman MiHs
Lair:4 1 runed translucent door, qw's ghost, journeyman MiHs
Vaults:1 3 runed translucent doors, exclusion: vault sentinel, Forgeling's ghost, adept FeEn
Depths:3 the Enchantress


Message History

You furiously retaliate!
You headbutt the spriggan defender, but do no damage.
The spriggan defender completely misses you.
The Enchantress completely misses you. The spriggan rider barely misses you.
The spriggan rider completely misses you.
The tengu reaver hits you from afar with a +6 heavy glaive!
The spriggan defender misses you. x2
The spriggan defender hits you but does no damage.
You are more poisoned.
The brown ugly thing completely misses you.
The fire giant completely misses you.
The spriggan defender completely misses you.
You furiously retaliate!
You headbutt the spriggan defender!
The Enchantress points at you and mumbles some strange words.
You resist with almost no effort.
The spriggan rider completely misses you. x2
The spriggan air mage waves its arms in wide circles.
The air twists around and strikes you.
The spriggan defender hits you but does no damage.
You are lethally poisoned!
The brown ugly thing completely misses you.
You furiously retaliate!
You headbutt the brown ugly thing.
44043 ||| DRINKING 7 potions of heal wounds.
You feel much better.
You feel extremely sick.
The spriggan defender completely misses you.
The spriggan defender hits you but does no damage.
The spriggan defender completely misses you. x2
The tengu reaver hits you from afar with a +6 heavy glaive!!!
The fire giant hits you but does no damage.
The spriggan defender barely misses you.
You furiously retaliate!
You headbutt the spriggan defender!
The Enchantress hits you but does no damage.
The spriggan rider hits you but does no damage. x2
The spriggan defender closely misses you.
You furiously retaliate!
You headbutt the spriggan defender.
The spriggan defender completely misses you.
The brown ugly thing barely misses you.
The spriggan defender hits you with a +1 demon whip of venom!
You die...

...[.###...###...###...##
.....# ##### #...# #####
.....# ..# #...###...##
..#..# ...##...##.....##
..#..# ..#...#.......#
.....# .'..i).......#
.....# #iii#.......#
.>.#### #.ii##.....##
......## #.i@###...##
.......# ##iCu.#####
....#..# ###.Q...
.####### ....... .#
#.....# ## ....## #...#
...#


You could see the Enchantress (repels missiles), a fire giant, a tengu reaver, 3
spriggan defenders, a brown ugly thing, 2 spriggan riders, a spriggan air mage
(repels missiles) and a spriggan.

Vanquished Creatures
  A juggernaut (Depths:2)
  Boris (twice) (Vaults:4 Depths:2)
  Bai Suzhen (Swamp:3)
  Mlioglotl (Swamp:3)
  Jorgrun (Swamp:3)
  Rupert (D:11)
  3 tentacled monstrosities
  A walking earthen tome (Depths:2)
  A walking crystal tome (Depths:2)
  Asterion (Snake:4)
  2 liches
  Gastronok (Orc:1)
  2 sphinxes
  Kirke (Swamp:4)
  A tengu reaver (Vaults:4)
  2 thorn hunters (Swamp:4)
  Aizul (Snake:1)
  Roxanne (Snake:4)
  15 nagarajas (Snake:4)
  5 fire giants
  6 frost giants
  11 vault wardens
  A war gargoyle (Vaults:2)
  4 formless jellyfish
  2 orc warlords (Vaults:4)
  11 ironbound preservers
  5 very ugly things
  9 stone giants
  8 ironbound thunderhulks
  A spriggan defender (Depths:2)
  3 eleionomae
  A deep elf demonologist (Vaults:2)
  3 vampire knights (Depths:2)
  8 dire elephants
  3 bunyips
  2 deep elf death magi (Vaults:1)
  4 fire dragons
  6 ettins
  A jiangshi (Vaults:2)
  A deep elf high priest (Vaults:4)
  An entropy weaver (Vaults:1)
  6 rakshasas
  15 yaktaur captains
  7 great orbs of eyes
  Fannar (Lair:2)
  2 shambling mangroves
  2 spriggan air magi
  8 ice dragons
  3 peacekeepers
  9 vault guards
  2 catoblepae
  14 centaur warriors
  9 boulder beetles
  A ghost crab (Swamp:4)
  12 ironbound frosthearts
  17 hydras
  An ogre mage (D:15)
  7 two-headed ogres
  3 salamander tyrants (Snake:4)
  8 alligators
  An anaconda (Snake:3)
  2 death knights
  A merfolk avatar (Swamp:1)
  19 naga warriors
  4 deep troll shamans (Depths:2)
  A tengu warrior (Depths:1)
  5 death yaks (Lair:4)
  A deep troll earth mage (Depths:2)
  6 orc high priests (Orc:2)
  Urug (Lair:2)
  14 naga sharpshooters
  8 shock serpents
  3 spriggan berserkers
  2 vampire magi
  4 hell knights (Depths:2)
  Nergalle (Orc:1)
  2 deep elf knights
  A soul eater (D:12)
  11 spriggans
  Amaemon (Lair:3)
  4 salamander mystics (Snake:4)
  3 goliath frogs
  3 iron trolls (Depths:2)
  A flayed ghost (Depths:2)
  44 deep trolls
  5 spriggan druids
  12 swamp dragons
  A deep elf archer (Snake:2)
  2 bog bodies
  A sea snake (shapeshifter) (Depths:2)
  A death drake (Swamp:2)
  8 wizards
  5 naga ritualists
  11 lindwurms
  4 glowing orange brains
  11 ironbound convokers
  6 necromancers
  A deep elf pyromancer (D:13)
  9 harpies
  3 phantasmal warriors
  2 lindwurms (shapeshifter)
  9 orc knights
  9 mana vipers
  26 ugly things
  A mana viper (shapeshifter) (Vaults:4)
  4 manticores
  A will-o-the-wisp (Swamp:4)
  3 cyclopes
  2 wolf spiders (Lair:3)
  A fire giant zombie (Vaults:3)
  11 salamanders
  33 black mambas
  A fire giant skeleton (Depths:2)
  22 cane toads
  16 vault sentinels
  7 guardian serpents
  A stone giant skeleton (Vaults:3)
  15 naga magi
  3 orange demons
  2 gargoyles
  2 smoke demons (D:12)
  4 unseen horror zombies (D:9)
  A rime drake (shapeshifter) (D:15)
  A yaktaur zombie (Vaults:4)
  An unseen horror (shapeshifter) (D:13)
  Maggie (D:6)
  A yaktaur (shapeshifter) (D:15)
  4 rime drakes
  A spriggan zombie (Depths:2)
  8 komodo dragons
  48 yaktaurs
  5 efreet
  2 freezing wraiths (D:14)
  A human skeleton (Vaults:4)
  An ice devil (D:12)
  A tengu conjurer (Depths:1)
  A human zombie (Vaults:3)
  2 hellwings
  5 trolls
  11 hornets
  3 bloated husks
  A wolf spider simulacrum (D:15)
  A raiju (Snake:2)
  16 tyrant leeches
  24 blink frogs
  30 slime creatures
  Sigmund (D:5)
  A vampire (D:11)
  A shadow (D:11)
  2 wraiths
  4 wyverns
  8 humans
  69 yaks
  5 hogs (Swamp:4)
  5 basilisks
  A chaos spawn (D:12)
  17 vampire mosquitoes
  An elf skeleton (Vaults:4)
  A neqoxec (D:12)
  48 nagas
  7 wargs
  2 acid dragons
  14 swamp worms
  A two-headed ogre zombie (D:9)
  14 water moccasins
  An ice beast (D:6)
  6 swamp drakes (Swamp:4)
  2 sky beasts
  13 orc warriors
  A black bear (D:6)
  8 ogres
  6 wolves
  A boggart (D:12)
  9 centaurs
  5 phantoms
  6 kobold brigands
  22 bullfrogs
  A glowing shapeshifter simulacrum (Depths:2)
  4 scorpions
  An ogre simulacrum (Vaults:3)
  9 killer bees (D:9)
  2 troll zombies (D:9)
  3 howler monkeys (D:12)
  4 electric eels (Lair:5)
  2 centaur zombies (D:9)
  4 quasits (D:12)
  A hound (D:6)
  3 jellies
  33 orc priests
  3 iguanas
  11 orc wizards
  5 ogre zombies (D:9)
  4 howler monkey zombies (D:9)
  2 adders
  2 worms
  2 dart slugs
  75 orcs
  8 ball pythons
  7 bats
  4 endoplasms
  3 giant cockroaches
  2 goblins (D:1)
  6 hobgoblins
  7 jackals
  41 kobolds
  7 quokkas
  5 frilled lizards
  A goblin skeleton (D:9)
  3 goblin zombies (D:9)
  A hobgoblin skeleton (D:9)
  5 hobgoblin zombies (D:9)
  6 orc skeletons (D:9)
  9 orc zombies (D:9)
  3 rats
  2 spectral weapons (Snake:4)
1403 creatures vanquished.

Vanquished Creatures (others)
  An ironbound thunderhulk (Vaults:2)
  A vault guard (D:14)
  A lindwurm (Swamp:4)
  2 humans (D:14)
  A naga (Snake:2)
  A swamp worm (Swamp:2)
  A centaur (D:6)
  An iguana (D:6)
  An orc (D:6)
10 creatures vanquished.

Grand Total: 1413 creatures vanquished

Notes
Turn   | Place    | Note
-------+----------+-------------------------------------------
     0 | D:1      | qw the Minotaur Hexslinger began the quest for the Orb.
     0 | D:1      | Reached XP level 1. HP: 16/16 MP: 1/1
     0 | D:1      | 0 ||| qw: Version: 0.3-a-52-g30416fa
     0 | D:1      | 0 ||| qw: Game counter: 6227
     0 | D:1      | 0 ||| qw: Melee chars always use a shield: true
     0 | D:1      | 0 ||| qw: God list: Okawaru
     0 | D:1      | 0 ||| qw: Allow faded altars: false
     0 | D:1      | 0 ||| qw: Do Orc after clearing Dungeon:15 true
     0 | D:1      | 0 ||| qw: Do second Lair branch before Depths: true
     0 | D:1      | 0 ||| qw: Lair rune preference: random
     0 | D:1      | 0 ||| qw: Goals: Normal
     0 | D:1      | 0 ||| PLANNING D:1-11
   158 | D:1      | Reached skill level 3 in Ranged Weapons
   160 | D:1      | Reached XP level 2. HP: 23/23 MP: 2/2
   271 | D:1      | Reached skill level 2 in Fighting
   657 | D:1      | 657 ||| UPGRADING to +0 leather armour.
   667 | D:1      | 667 ||| DROPPING +0 robe.
   668 | D:1      | 668 ||| UPGRADING to +0 ring mail.
   678 | D:1      | 678 ||| DROPPING +0 leather armour.
   679 | D:1      | 679 ||| READING scroll labelled PEASCH WOUDD.
   680 | D:1      | 680 ||| READING scroll labelled LOCRYI XUANAE.
   681 | D:1      | 681 ||| READING scroll labelled HAICSE WOLEOCS.
   682 | D:1      | 682 ||| DROPPING scroll of poison.
   827 | D:2      | Found a shimmering altar of Xom.
   858 | D:2      | Reached XP level 3. HP: 29/29 MP: 3/3
  1460 | D:3      | 1460 ||| PLANNING SEWER
  1537 | D:3      | Reached skill level 1 in Armour
  1588 | D:3      | Found a glowing drain.
  1611 | D:3      | 1611 ||| READING 3 scrolls of identify.
  1611 | D:3      | 1611 ||| IDENTIFYING fizzy emerald potion
  1612 | D:3      | 1612 ||| READING 2 scrolls of identify.
  1612 | D:3      | 1612 ||| IDENTIFYING metallic dark potion
  1613 | D:3      | 1613 ||| DROPPING potion of lignification.
  1625 | Sewer    | Entered a sewer
  1742 | Sewer    | Noticed a kobold brigand
  1751 | Sewer    | Reached XP level 4. HP: 25/36 MP: 4/4
  1755 | Sewer    | Killed a kobold brigand
  1755 | Sewer    | HP: 9/36 [kobold/+0 dagger (3)]
  1756 | Sewer    | Reached XP level 5. HP: 10/41 MP: 5/5
  1973 | Sewer    | 1973 ||| DRINKING 6 coppery potions.
  1988 | D:3      | 1988 ||| PLANNING D:1-11
  2583 | D:3      | Found a broken altar of Ashenzari.
  2586 | D:3      | Found an iron altar of Okawaru.
  2587 | D:3      | 2587 ||| PLANNING OKAWARU WORSHIP
  2587 | D:3      | 2587 ||| READING 2 scrolls of identify.
  2587 | D:3      | 2587 ||| IDENTIFYING amethyst potion
  2588 | D:3      | 2588 ||| DROPPING potion of brilliance.
  2591 | D:3      | Became a worshipper of Warmaster Okawaru
  2592 | D:3      | 2592 ||| PLANNING D:1-11
  2757 | D:4      | Found Futuizas's Assorted Antiques.
  2760 | D:4      | 2760 ||| BUYING pair of boots (121 gold).
  2760 | D:4      | Bought a pair of boots for 121 gold pieces
  2760 | D:4      | 2760 ||| BUYING potion of curing (81 gold).
  2760 | D:4      | Bought a potion of curing for 81 gold pieces
  2760 | D:4      | 2760 ||| BUYING scroll labelled WEMMAURAIMP (27 gold).
  2760 | D:4      | Bought a scroll labelled WEMMAURAIMP for 27 gold pieces
  2760 | D:4      | 2760 ||| SHOPLISTING scroll of identify (54 gold, have 26).
  2760 | D:4      | 2760 ||| BUYING white potion (24 gold).
  2760 | D:4      | Bought a white potion for 24 gold pieces
  3060 | D:4      | Found a staircase to the Ecumenical Temple.
  3320 | D:4      | 3320 ||| UPGRADING to +0 pair of boots.
  3325 | D:4      | 3325 ||| UPGRADING to ring of poison resistance.
  3326 | D:4      | 3326 ||| READING 2 scrolls labelled WEMMAURAIMP.
  3327 | D:4      | 3327 ||| READING scroll of enchant armour.
  3327 | D:4      | 3327 ||| ENCHANTING +0 pair of boots.
  3328 | D:4      | 3328 ||| READING scroll labelled RUKAACLEHA.
  3401 | D:4      | 3401 ||| READING scroll labelled QAPPEA SYNLAP.
  3402 | D:4      | 3402 ||| READING scroll labelled NAOZATA DUPTY.
  3407 | D:4      | 3407 ||| READING scroll labelled GURYOTR HAJOAV.
  3408 | D:4      | 3408 ||| DRINKING 2 white potions.
  3431 | D:5      | Entered Level 5 of the Dungeon
  3431 | D:5      | Noticed Sigmund
  3446 | D:5      | Killed Sigmund
  3447 | D:5      | Reached skill level 5 in Fighting
  3447 | D:5      | Reached XP level 6. HP: 56/56 MP: 6/6
  3474 | D:5      | Reached skill level 6 in Ranged Weapons
  3476 | D:5      | 3476 ||| FLEEEEING.
  3477 | D:5      | 3477 ||| FLEEEEING.
  3478 | D:5      | 3478 ||| FLEEEEING.
  3479 | D:5      | 3479 ||| FLEEEEING.
  3480 | D:5      | 3480 ||| FLEEEEING.
  3481 | D:5      | 3481 ||| FLEEEEING.
  3482 | D:5      | 3482 ||| FLEEEEING.
  3483 | D:5      | 3483 ||| FLEEEEING.
  3484 | D:5      | 3484 ||| STAIRDANCE
  3507 | D:4      | 3507 ||| DRINKING 2 bubbling brown potions.
  3517 | D:5      | Reached XP level 7. HP: 61/61 MP: 7/7
  3735 | D:5      | 3735 ||| READING 3 scrolls of enchant armour.
  3735 | D:5      | 3735 ||| ENCHANTING +1 pair of boots.
  3770 | D:5      | Reached * piety under Okawaru
  3863 | D:5      | Found Qoqagorph's Magic Scroll Shop.
  3873 | D:5      | 3873 ||| SHOPLISTING scroll of enchant armour (112 gold,
                  | have 110).
  3873 | D:5      | 3873 ||| SHOPLISTING scroll of enchant weapon (112 gold,
                  | have 110).
  3873 | D:5      | 3873 ||| BUYING scroll of identify (30 gold).
  3873 | D:5      | Bought a scroll of identify for 30 gold pieces
  3873 | D:5      | 3873 ||| BUYING scroll of identify (30 gold).
  3873 | D:5      | Bought a scroll of identify for 30 gold pieces
  3873 | D:5      | 3873 ||| BUYING scroll of teleportation (45 gold).
  3873 | D:5      | Bought a scroll of teleportation for 45 gold pieces
  3875 | D:5      | Found a hazy altar of Hepliaklqana.
  3883 | D:5      | 3883 ||| INVOKING Heroism.
  4040 | D:5      | Found a snail-covered altar of Cheibriados.
  4041 | D:5      | 4041 ||| UPGRADING to +2 pair of gloves.
  4046 | D:5      | 4046 ||| READING 3 scrolls of identify.
  4046 | D:5      | 4046 ||| IDENTIFYING inky potion
  4047 | D:5      | 4047 ||| READING 2 scrolls of identify.
  4047 | D:5      | 4047 ||| IDENTIFYING silvery potion
  4048 | D:5      | 4048 ||| DROPPING potion of invisibility.
  4452 | D:6      | Reached skill level 1 in Invocations
  4493 | D:6      | Found a stormy altar of Qazlal.
  4498 | D:6      | Noticed Maggie
  4501 | D:6      | 4501 ||| UPGRADING to ring of willpower.
  4524 | D:6      | 4524 ||| INVOKING Heroism.
  4525 | D:6      | Killed Maggie
  4526 | D:6      | Reached XP level 8. HP: 46/68 MP: 5/8
  4786 | D:6      | Reached skill level 9 in Ranged Weapons
  4787 | D:6      | 4787 ||| FLEEEEING.
  4800 | D:6      | 4800 ||| INVOKING Heroism.
  4843 | D:6      | 4843 ||| FLEEEEING.
  4844 | D:6      | 4844 ||| FLEEEEING.
  4873 | D:6      | 4873 ||| INVOKING Heroism.
  4876 | D:6      | Reached skill level 3 in Invocations
  4979 | D:6      | Found a shimmering altar of Xom.
  4991 | D:6      | 4991 ||| INVOKING Heroism.
  4997 | D:6      | Reached skill level 6 in Fighting
  5033 | D:6      | 5033 ||| SWAPPING to +0 orcbow.
  5034 | D:6      | 5034 ||| INVOKING Heroism.
  5052 | D:6      | Reached skill level 3 in Dodging
  5148 | D:6      | 5148 ||| DROPPING +1 sling of freezing.
  5312 | D:6      | 5312 ||| UPGRADING to +0 steam dragon scales.
  5322 | D:6      | 5322 ||| DROPPING +0 ring mail.
  5323 | D:6      | 5323 ||| READING 2 scrolls of enchant armour.
  5323 | D:6      | 5323 ||| ENCHANTING +0 steam dragon scales.
  5324 | D:6      | 5324 ||| READING scroll of enchant armour.
  5324 | D:6      | 5324 ||| ENCHANTING +1 steam dragon scales.
  5325 | D:6      | 5325 ||| READING 2 scrolls labelled KOOBRA SOCKYLEL.
  5326 | D:6      | 5326 ||| READING scroll labelled EHUYHICEIB.
  5326 | D:6      | Identified a scroll of acquirement
  5326 | D:6      | 5326 ||| ACQUIRING +1 hat of Light {-Tele rPois Dex+3}
  5326 | D:6      | Acquired the +1 hat of Light {-Tele rPois Dex+3}
  5328 | D:6      | 5328 ||| READING scroll labelled ERYEQO EJEUR.
  5329 | D:6      | 5329 ||| READING 2 scrolls of identify.
  5329 | D:6      | 5329 ||| IDENTIFYING green potion
  5330 | D:6      | 5330 ||| DROPPING potion of berserk rage.
  5331 | D:6      | 5331 ||| DROPPING scroll of amnesia.
  5372 | D:7      | 5372 ||| INVOKING Heroism.
  5548 | D:7      | Reached XP level 9. HP: 67/75 MP: 11/11
  5589 | D:7      | Reached ** piety under Okawaru
  6077 | D:7      | 6077 ||| READING 2 scrolls of identify.
  6077 | D:7      | 6077 ||| IDENTIFYING orange potion
  6145 | D:8      | Reached skill level 7 in Fighting
  6161 | D:8      | 6161 ||| INVOKING Heroism.
  6353 | D:8      | 6353 ||| Stepping ~*~*~tactically~*~*~ (outnumbered).
  6541 | D:8      | 6541 ||| INVOKING Heroism.
  6559 | D:8      | Reached *** piety under Okawaru
  6572 | D:8      | 6572 ||| INVOKING Heroism.
  6576 | D:8      | HP: 18/79 [yak (7)]
  6577 | D:8      | 6577 ||| READING 2 scrolls of teleportation.
  6578 | D:8      | Reached skill level 12 in Ranged Weapons
  6578 | D:8      | Reached XP level 10. HP: 20/86 MP: 9/12
  6794 | D:8      | 6794 ||| INVOKING Heroism.
  6800 | D:8      | Reached skill level 8 in Fighting
  7074 | D:8      | 7074 ||| READING scroll of acquirement.
  7074 | D:8      | 7074 ||| ACQUIRING 1011 gold pieces
  7074 | D:8      | Acquired 1011 gold pieces
  7162 | D:8      | 7162 ||| READING 2 scrolls of identify.
  7162 | D:8      | 7162 ||| IDENTIFYING metallic red potion
  7217 | D:9      | Found Tidos's Book Emporium.
  7232 | D:9      | Found Diwit's Armour Emporium.
  7240 | D:9      | 7240 ||| BUYING +3 leather armour of poison resistance (273
                  | gold).
  7240 | D:9      | Bought a +3 leather armour of poison resistance for 273
                  | gold pieces
  7265 | D:9      | Found a shadowy altar of Dithmenos.
  7347 | D:9      | 7347 ||| FLEEEEING.
  7348 | D:9      | 7348 ||| FLEEEEING.
  7381 | D:9      | Found a staircase to the Orcish Mines.
  7625 | D:9      | Reached **** piety under Okawaru
  7728 | D:9      | Noticed a two-headed ogre
  7729 | D:9      | 7729 ||| INVOKING Heroism.
  7735 | D:9      | Reached skill level 9 in Fighting
  7745 | D:9      | Killed a two-headed ogre
  7746 | D:9      | Reached skill level 6 in Dodging
  7840 | D:9      | 7840 ||| SWAPPING to +1 longbow of freezing.
  7841 | D:9      | 7841 ||| DROPPING +0 orcbow.
  7870 | D:9      | Found a blossoming altar of Fedhas.
  7913 | D:9      | Found Moeruozo's Magic Scroll Boutique.
  7927 | D:9      | 7927 ||| BUYING scroll of identify (26 gold).
  7927 | D:9      | Bought a scroll of identify for 26 gold pieces
  7927 | D:9      | 7927 ||| BUYING scroll of identify (26 gold).
  7927 | D:9      | Bought a scroll of identify for 26 gold pieces
  7927 | D:9      | 7927 ||| BUYING scroll of teleportation (39 gold).
  7927 | D:9      | Bought a scroll of teleportation for 39 gold pieces
  7927 | D:9      | 7927 ||| BUYING scroll of teleportation (39 gold).
  7927 | D:9      | Bought a scroll of teleportation for 39 gold pieces
  7939 | D:9      | Found Metsi's Assorted Antiques.
  7948 | D:9      | 7948 ||| BUYING fine leather armour (217 gold).
  7948 | D:9      | Bought a fine leather armour for 217 gold pieces
  7948 | D:9      | Identified the +2 leather armour "Biupnew" {*Slow rC+ Str+3
                  | SInv} (You bought it in a shop on level 9 of the Dungeon)
  7948 | D:9      | 7948 ||| BUYING potion of curing (93 gold).
  7948 | D:9      | Bought a potion of curing for 93 gold pieces
  7948 | D:9      | 7948 ||| BUYING scroll of identify (62 gold).
  7948 | D:9      | Bought a scroll of identify for 62 gold pieces
  7948 | D:9      | 7948 ||| BUYING translucent ring mail (279 gold).
  7948 | D:9      | Bought a translucent ring mail for 279 gold pieces
  7948 | D:9      | Identified the +0 ring mail of Dannulel {rC+ Will+} (You
                  | bought it in a shop on level 9 of the Dungeon)
  8214 | D:9      | Reached ***** piety under Okawaru
  8230 | D:9      | Found a basalt altar of Yredelemnul.
  8529 | D:9      | Found a runed translucent door.
  8531 | D:9      | 8531 ||| UPGRADING to +2 leather armour "Biupnew" {*Slow
                  | rC+ Str+3 SInv}.
  8541 | D:9      | 8541 ||| READING scroll labelled QONICZ VEINUN.
  8542 | D:9      | 8542 ||| READING 4 scrolls of identify.
  8542 | D:9      | 8542 ||| IDENTIFYING glowing puce potion
  8543 | D:9      | 8543 ||| READING 3 scrolls of identify.
  8543 | D:9      | 8543 ||| IDENTIFYING cyan potion
  8544 | D:9      | 8544 ||| READING 2 scrolls of identify.
  8544 | D:9      | 8544 ||| IDENTIFYING clear potion
  8545 | D:9      | 8545 ||| DROPPING potion of degeneration.
  8546 | D:9      | 8546 ||| DROPPING potion of attraction.
  8587 | D:10     | Entered Level 10 of the Dungeon
  8689 | D:10     | 8689 ||| INVOKING Heroism.
  8825 | D:10     | Reached XP level 11. HP: 97/97 MP: 14/14
  8832 | D:10     | Reached skill level 6 in Invocations
  8843 | D:10     | 8843 ||| INVOKING Heroism.
  9078 | D:10     | Found a transporter.
  9079 | D:10     | Noticed a centaur warrior
  9081 | D:10     | Noticed qw's ghost (journeyman MiHs)
  9090 | D:10     | Found a transporter.
  9146 | D:10     | Found an opulent altar of Gozag.
  9155 | D:10     | Found a sparkling altar of Nemelex Xobeh.
  9503 | D:10     | 9503 ||| Stepping ~*~*~tactically~*~*~ (outnumbered).
  9702 | D:10     | 9702 ||| UPGRADING to +0 cloak.
  9707 | D:10     | 9707 ||| READING scroll labelled RODINE CAJISOW.
  9790 | D:11     | 9790 ||| INVOKING Heroism.
  9920 | D:11     | 9920 ||| INVOKING Heroism.
  9946 | D:11     | 9946 ||| READING scroll of enchant weapon.
  9946 | D:11     | 9946 ||| ENCHANTING +2 longbow of freezing.
  9947 | D:11     | Found a staircase to the Lair.
 10053 | D:11     | 10053 ||| INVOKING Heroism.
 10081 | D:11     | Noticed a boulder beetle
 10082 | D:11     | 10082 ||| INVOKING Heroism.
 10083 | D:11     | 10083 ||| INVOKING Finesse.
 10088 | D:11     | Killed a boulder beetle
 10089 | D:11     | Reached skill level 10 in Fighting
 10170 | D:11     | 10170 ||| INVOKING Heroism.
 10413 | D:11     | 10413 ||| PLANNING LAIR
 10413 | D:11     | 10413 ||| DROPPING +2 steam dragon scales.
 10414 | D:11     | 10414 ||| DROPPING +0 ring mail of Dannulel {rC+ Will+}.
 10445 | Lair:1   | Entered Level 1 of the Lair of Beasts
 10471 | Lair:1   | 10471 ||| INVOKING Heroism.
 10495 | Lair:1   | Noticed a boulder beetle
 10513 | Lair:1   | Killed a boulder beetle
 10656 | Lair:1   | 10656 ||| INVOKING Heroism.
 10821 | Lair:1   | Received a gift from Okawaru
 10822 | Lair:1   | Reached skill level 9 in Invocations
 10844 | Lair:1   | 10844 ||| INVOKING Heroism.
 10866 | Lair:1   | Reached skill level 15 in Ranged Weapons
 10866 | Lair:1   | Reached XP level 12. HP: 53/106 MP: 17/17
 11174 | Lair:1   | 11174 ||| INVOKING Heroism.
 11268 | Lair:1   | 11268 ||| INVOKING Heroism.
 11914 | Lair:2   | Noticed Fannar
 11930 | Lair:2   | 11930 ||| INVOKING Heroism.
 11934 | Lair:2   | Killed Fannar
 12075 | Lair:2   | 12075 ||| INVOKING Heroism.
 12615 | Lair:2   | Noticed Urug
 12617 | Lair:2   | 12617 ||| INVOKING Heroism.
 12618 | Lair:2   | 12618 ||| INVOKING Finesse.
 12630 | Lair:2   | Killed Urug
 12797 | Lair:2   | 12797 ||| DROPPING ring of poison resistance.
 12798 | Lair:2   | 12798 ||| UPGRADING to +6 ring of dexterity.
 12800 | Lair:2   | 12800 ||| UPGRADING to +3 leather armour of poison
                  | resistance.
 12810 | Lair:2   | 12810 ||| READING scroll labelled ATUOFYM IJAONKENK.
 12811 | Lair:2   | 12811 ||| READING scroll labelled VINAUQI WENEFAF.
 12953 | Lair:3   | 12953 ||| INVOKING Heroism.
 13029 | Lair:3   | 13029 ||| INVOKING Heroism.
 13035 | Lair:3   | Received a gift from Okawaru
 13035 | Lair:3   | Found the +8 demon blade "Leech" {evervamp, Harm Drain rN+}
 13040 | Lair:3   | Reached skill level 9 in Dodging
 13242 | Lair:3   | Reached skill level 11 in Fighting
 13323 | Lair:3   | 13323 ||| INVOKING Heroism.
 13377 | Lair:3   | Noticed Amaemon
 13378 | Lair:3   | 13378 ||| INVOKING Heroism.
 13384 | Lair:3   | Killed Amaemon
 13451 | Lair:3   | Found a staircase to the Swamp.
 13464 | Lair:3   | Reached XP level 13. HP: 102/116 MP: 19/19
 13562 | Lair:3   | Found a staircase to the Snake Pit.
 13670 | Lair:3   | 13670 ||| INVOKING Heroism.
 14216 | Lair:4   | 14216 ||| INVOKING Heroism.
 14336 | Lair:4   | 14336 ||| INVOKING Heroism.
 14356 | Lair:4   | Found a staircase to the Slime Pits.
 14452 | Lair:4   | 14452 ||| INVOKING Heroism.
 14453 | Lair:4   | 14453 ||| INVOKING Finesse.
 14547 | Lair:4   | 14547 ||| INVOKING Heroism.
 14634 | Lair:4   | 14634 ||| INVOKING Heroism.
 14657 | Lair:4   | Found a runed translucent door.
 14657 | Lair:4   | Noticed qw's ghost (journeyman MiHs)
 14658 | Lair:4   | Identified the +2 trident of Fragile Peace {heavy, rF+
                  | rCorr Int+3}
 14808 | Lair:4   | 14808 ||| DROPPING ring of ice.
 14809 | Lair:4   | 14809 ||| UPGRADING to +4 ring of protection.
 14811 | Lair:4   | 14811 ||| DROPPING ring of positive energy.
 14812 | Lair:4   | 14812 ||| DROPPING ring of willpower.
 14813 | Lair:4   | 14813 ||| READING scroll labelled JUCAOFIHECK.
 14814 | Lair:4   | 14814 ||| READING 8 scrolls of identify.
 14814 | Lair:4   | 14814 ||| IDENTIFYING emerald potion
 14831 | Lair:5   | Entered Level 5 of the Lair of Beasts
 14832 | Lair:5   | 14832 ||| INVOKING Heroism.
 14834 | Lair:5   | Received a gift from Okawaru
 14847 | Lair:5   | Reached skill level 18 in Ranged Weapons
 14874 | Lair:5   | 14874 ||| INVOKING Heroism.
 14962 | Lair:5   | 14962 ||| INVOKING Heroism.
 14998 | Lair:5   | Reached skill level 12 in Fighting
 15026 | Lair:5   | 15026 ||| INVOKING Heroism.
 15094 | Lair:5   | 15094 ||| FLEEEEING.
 15104 | Lair:5   | 15104 ||| FLEEEEING.
 15105 | Lair:5   | 15105 ||| FLEEEEING.
 15106 | Lair:5   | 15106 ||| STAIRDANCE
 15206 | Lair:5   | 15206 ||| INVOKING Heroism.
 15272 | Lair:5   | 15272 ||| INVOKING Heroism.
 15273 | Lair:5   | 15273 ||| INVOKING Finesse.
 15275 | Lair:5   | 15275 ||| Stepping ~*~*~tactically~*~*~ (cloud).
 15320 | Lair:5   | 15320 ||| INVOKING Heroism.
 15385 | Lair:5   | 15385 ||| INVOKING Heroism.
 15430 | Lair:5   | 15430 ||| INVOKING Heroism.
 15456 | Lair:5   | Reached XP level 14. HP: 126/126 MP: 20/20
 15483 | Lair:5   | 15483 ||| INVOKING Heroism.
 15586 | Lair:5   | 15586 ||| FLEEEEING.
 15588 | Lair:5   | 15588 ||| FLEEEEING.
 15589 | Lair:5   | 15589 ||| FLEEEEING.
 15750 | Lair:5   | Reached skill level 13 in Fighting
 15982 | Lair:5   | 15982 ||| INVOKING Heroism.
 16098 | Lair:5   | Identified the +4 spear "Videuch" {venom, Drain rPois rN+++
                  | Stlth+}
 16099 | Lair:5   | Identified the +4 mace of Truncation {venom, Dex+3}
 16242 | Lair:5   | 16242 ||| PLANNING D
 16377 | D:12     | Noticed Rupert
 16378 | D:12     | 16378 ||| INVOKING Heroism.
 16379 | D:12     | 16379 ||| INVOKING Finesse.
 16380 | D:12     | 16380 ||| STAIRDANCE
 16382 | D:12     | 16382 ||| STAIRDANCE
 16384 | D:12     | 16384 ||| STAIRDANCE
 16386 | D:12     | 16386 ||| STAIRDANCE
 16388 | D:11     | 16388 ||| DRINKING 12 potions of curing.
 16388 | D:11     | 16388 ||| (to cure confusion)
 16395 | D:11     | Killed Rupert
 16501 | D:12     | 16501 ||| Stepping ~*~*~tactically~*~*~ (outnumbered).
 16502 | D:12     | 16502 ||| INVOKING Heroism.
 16503 | D:12     | 16503 ||| INVOKING Finesse.
 16574 | D:12     | You fall into a shaft and drop 2 floors!
 16584 | D:14     | 16584 ||| INVOKING Heroism.
 16585 | D:14     | 16585 ||| INVOKING Finesse.
 16632 | D:14     | 16632 ||| INVOKING Heroism.
 16773 | D:12     | 16773 ||| INVOKING Heroism.
 17236 | D:12     | Found a portal to a secret trove of treasure.
 17278 | D:12     | 17278 ||| FLEEEEING.
 17279 | D:12     | 17279 ||| FLEEEEING.
 17280 | D:12     | 17280 ||| FLEEEEING.
 17281 | D:12     | 17281 ||| FLEEEEING.
 17282 | D:12     | 17282 ||| FLEEEEING.
 17283 | D:12     | 17283 ||| STAIRDANCE
 17319 | D:11     | 17319 ||| DROPPING ring of flight.
 17322 | D:12     | 17322 ||| STAIRDANCE
 17389 | D:12     | 17389 ||| STAIRDANCE
 17474 | D:12     | 17474 ||| STAIRDANCE
 17577 | D:12     | 17577 ||| FLEEEEING.
 17578 | D:12     | 17578 ||| FLEEEEING.
 17627 | D:12     | 17627 ||| READING scroll of enchant weapon.
 17627 | D:12     | 17627 ||| ENCHANTING +3 longbow of freezing.
 18026 | D:12     | 18026 ||| UPGRADING to +2 hat.
 18094 | D:13     | 18094 ||| INVOKING Heroism.
 18095 | D:13     | 18095 ||| INVOKING Finesse.
 18158 | D:13     | 18158 ||| INVOKING Finesse.
 18382 | D:13     | 18382 ||| READING scroll of enchant weapon.
 18382 | D:13     | 18382 ||| ENCHANTING +4 longbow of freezing.
 18398 | D:13     | 18398 ||| Stepping randomly (disturbance).
 18817 | D:13     | Found a shimmering blue altar of Sif Muna.
 18821 | D:13     | Reached skill level 6 in Armour
 18852 | D:13     | 18852 ||| DROPPING +0 pair of gloves of stealth.
 18891 | D:14     | 18891 ||| INVOKING Heroism.
 18892 | D:14     | 18892 ||| INVOKING Finesse.
 19038 | D:14     | 19038 ||| INVOKING Heroism.
 19082 | D:14     | Reached skill level 14 in Fighting
 19093 | D:14     | 19093 ||| INVOKING Heroism.
 19156 | D:14     | 19156 ||| FLEEEEING.
 19157 | D:14     | 19157 ||| FLEEEEING.
 19158 | D:14     | 19158 ||| FLEEEEING.
 19159 | D:14     | 19159 ||| FLEEEEING.
 19160 | D:14     | 19160 ||| FLEEEEING.
 19161 | D:14     | 19161 ||| FLEEEEING.
 19169 | D:14     | 19169 ||| INVOKING Heroism.
 19170 | D:14     | Received a gift from Okawaru
 19494 | D:14     | Found Nysuvel's General Store.
 19504 | D:14     | Found Uqatu's Specific Store.
 19508 | D:14     | 19508 ||| BUYING potion of curing (39 gold).
 19508 | D:14     | Bought a potion of curing for 39 gold pieces
 19508 | D:14     | 19508 ||| BUYING potion of magic (104 gold).
 19508 | D:14     | Bought a potion of magic for 104 gold pieces
 19508 | D:14     | 19508 ||| BUYING scroll of identify (26 gold).
 19508 | D:14     | Bought a scroll of identify for 26 gold pieces
 19591 | D:14     | Found a gate to the Vaults.
 19726 | D:15     | Entered Level 15 of the Dungeon
 19775 | D:15     | Reached skill level 12 in Dodging
 19788 | D:15     | 19788 ||| INVOKING Heroism.
 19913 | D:15     | Reached XP level 15. HP: 139/139 MP: 21/21
 19949 | D:15     | 19949 ||| Stepping ~*~*~tactically~*~*~ (cloud).
 19954 | D:15     | 19954 ||| INVOKING Heroism.
 19989 | D:15     | Found a staircase to the Depths.
 20307 | D:15     | Reached skill level 15 in Fighting
 20337 | D:15     | 20337 ||| Stepping ~*~*~tactically~*~*~ (outnumbered).
 20339 | D:15     | Identified the +0 plate armour "Errokloq" {Contam rF++
                  | Str+3 Stlth+} (Okawaru gifted it to you on level 15 of the
                  | Dungeon)
 20339 | D:15     | Received a gift from Okawaru
 20529 | D:15     | 20529 ||| INVOKING Heroism.
 20756 | D:15     | 20756 ||| PLANNING ORC
 20984 | Orc:1    | Entered Level 1 of the Orcish Mines
 21003 | Orc:1    | Noticed Nergalle
 21007 | Orc:1    | Killed Nergalle
 21121 | Orc:1    | Noticed Gastronok
 21133 | Orc:1    | Killed Gastronok
 21451 | Orc:1    | 21451 ||| UPGRADING to +2 hat of willpower.
 21461 | Orc:1    | 21461 ||| DROPPING +2 hat.
 21473 | Orc:2    | Entered Level 2 of the Orcish Mines
 21524 | Orc:2    | 21524 ||| INVOKING Heroism.
 21557 | Orc:2    | Found Irphepov's Antique Weapon Boutique.
 21741 | Orc:2    | 21741 ||| INVOKING Heroism.
 21812 | Orc:2    | 21812 ||| INVOKING Heroism.
 21866 | Orc:2    | 21866 ||| Stepping ~*~*~tactically~*~*~ (outnumbered).
 21907 | Orc:2    | 21907 ||| FLEEEEING.
 21911 | Orc:2    | 21911 ||| FLEEEEING.
 21912 | Orc:2    | 21912 ||| FLEEEEING.
 21913 | Orc:2    | 21913 ||| Stepping ~*~*~tactically~*~*~ (outnumbered).
 21925 | Orc:2    | 21925 ||| FLEEEEING.
 21926 | Orc:2    | 21926 ||| FLEEEEING.
 21927 | Orc:2    | 21927 ||| FLEEEEING.
 21930 | Orc:2    | 21930 ||| FLEEEEING.
 21974 | Orc:2    | Found Kicumaj's Armour Shoppe.
 21974 | Orc:2    | Found Quheuhink's Jewellery Shop.
 21984 | Orc:2    | 21984 ||| BUYING +1 cloak of willpower (181 gold).
 21984 | Orc:2    | Bought a +1 cloak of willpower for 181 gold pieces
 21993 | Orc:2    | 21993 ||| BUYING ring of protection from fire (350 gold).
 21993 | Orc:2    | Bought a ring of protection from fire for 350 gold pieces
 21998 | Orc:2    | Found a staircase to the Elven Halls.
 22004 | Orc:2    | 22004 ||| INVOKING Heroism.
 22161 | Orc:2    | Found Meubel's General Store.
 22162 | Orc:2    | 22162 ||| Stepping ~*~*~tactically~*~*~ (outnumbered).
 22163 | Orc:2    | 22163 ||| Stepping ~*~*~tactically~*~*~ (outnumbered).
 22167 | Orc:2    | 22167 ||| INVOKING Heroism.
 22237 | Orc:2    | Found Saityss's Magic Scroll Shoppe.
 22238 | Orc:2    | 22238 ||| INVOKING Heroism.
 22241 | Orc:2    | 22241 ||| Stepping ~*~*~tactically~*~*~ (outnumbered).
 22242 | Orc:2    | 22242 ||| Stepping ~*~*~tactically~*~*~ (outnumbered).
 22260 | Orc:2    | 22260 ||| BUYING scroll of enchant weapon (120 gold).
 22260 | Orc:2    | Bought a scroll of enchant weapon for 120 gold pieces
 22260 | Orc:2    | 22260 ||| READING scroll of enchant weapon.
 22260 | Orc:2    | 22260 ||| ENCHANTING +5 longbow of freezing.
 22312 | Orc:2    | 22312 ||| PLANNING SWAMP:1-3
 22312 | Orc:2    | 22312 ||| UPGRADING to +1 cloak of willpower.
 22322 | Orc:2    | 22322 ||| DROPPING +0 cloak.
 22552 | Swamp:1  | Entered Level 1 of the Swamp
 22553 | Swamp:1  | 22553 ||| INVOKING Heroism.
 22572 | Swamp:1  | 22572 ||| Stepping ~*~*~tactically~*~*~ (water).
 22575 | Swamp:1  | 22575 ||| Stepping ~*~*~tactically~*~*~ (water).
 22797 | Swamp:1  | Reached skill level 16 in Fighting
 22799 | Swamp:1  | 22799 ||| INVOKING Heroism.
 22839 | Swamp:1  | 22839 ||| INVOKING Heroism.
 23058 | Swamp:1  | 23058 ||| INVOKING Heroism.
 23274 | Swamp:2  | 23274 ||| Stepping ~*~*~tactically~*~*~ (water).
 23276 | Swamp:2  | 23276 ||| INVOKING Heroism.
 23279 | Swamp:2  | 23279 ||| Stepping ~*~*~tactically~*~*~ (cloud).
 23280 | Swamp:2  | 23280 ||| Stepping ~*~*~tactically~*~*~ (cloud).
 23281 | Swamp:2  | 23281 ||| Stepping ~*~*~tactically~*~*~ (water).
 23449 | Swamp:2  | 23449 ||| Stepping ~*~*~tactically~*~*~ (water).
 23547 | Swamp:2  | 23547 ||| Stepping ~*~*~tactically~*~*~ (water).
 23564 | Swamp:2  | 23564 ||| Stepping ~*~*~tactically~*~*~ (water).
 23576 | Swamp:2  | Reached skill level 17 in Fighting
 23628 | Swamp:2  | 23628 ||| INVOKING Heroism.
 23896 | Swamp:2  | 23896 ||| INVOKING Heroism.
 23915 | Swamp:2  | 23915 ||| Stepping ~*~*~tactically~*~*~ (water).
 24249 | Swamp:3  | 24249 ||| INVOKING Heroism.
 24264 | Swamp:3  | Reached XP level 16. HP: 100/155 MP: 20/22
 24270 | Swamp:3  | 24270 ||| STAIRDANCE
 24488 | Swamp:3  | 24488 ||| INVOKING Heroism.
 24510 | Swamp:3  | 24510 ||| Stepping ~*~*~tactically~*~*~ (water).
 24516 | Swamp:3  | Reached skill level 15 in Dodging
 24560 | Swamp:3  | Noticed Jorgrun
 24561 | Swamp:3  | 24561 ||| FLEEEEING.
 24562 | Swamp:3  | 24562 ||| INVOKING Heroism.
 24573 | Swamp:3  | Killed Jorgrun
 24666 | Swamp:3  | 24666 ||| INVOKING Heroism.
 24722 | Swamp:3  | 24722 ||| INVOKING Heroism.
 24797 | Swamp:3  | 24797 ||| READING scroll of enchant armour.
 24797 | Swamp:3  | 24797 ||| ENCHANTING +1 cloak of willpower.
 24924 | Swamp:3  | Noticed Mlioglotl
 24925 | Swamp:3  | 24925 ||| INVOKING Heroism.
 24933 | Swamp:3  | Killed Mlioglotl
 24934 | Swamp:3  | Noticed Bai Suzhen
 24964 | Swamp:3  | Killed Bai Suzhen
 24975 | Swamp:3  | Noticed a tentacled monstrosity
 24976 | Swamp:3  | 24976 ||| FLEEEEING.
 24977 | Swamp:3  | 24977 ||| STAIRDANCE
 25161 | Swamp:3  | 25161 ||| INVOKING Heroism.
 25169 | Swamp:3  | Killed a tentacled monstrosity
 25357 | Swamp:3  | 25357 ||| PLANNING SNAKE:1-3
 25410 | Snake:1  | Entered Level 1 of the Snake Pit
 25423 | Snake:1  | Noticed Aizul
 25424 | Snake:1  | 25424 ||| INVOKING Heroism.
 25432 | Snake:1  | Killed Aizul
 25714 | Snake:1  | 25714 ||| INVOKING Heroism.
 26013 | Snake:1  | 26013 ||| INVOKING Heroism.
 26104 | Snake:1  | 26104 ||| UPGRADING to amulet of faith.
 26126 | Snake:2  | 26126 ||| INVOKING Heroism.
 26152 | Snake:2  | 26152 ||| STAIRDANCE
 26154 | Snake:1  | 26154 ||| INVOKING Heroism.
 26154 | Snake:1  | HP: 31/155 [naga sharpshooter/arrow (9)]
 26155 | Snake:1  | 26155 ||| READING 10 scrolls of teleportation.
 26155 | Snake:1  | HP: 13/155 [naga sharpshooter/arrow (9)]
 26156 | Snake:1  | 26156 ||| DRINKING 8 potions of heal wounds.
 26157 | Snake:1  | 26157 ||| DRINKING 7 potions of heal wounds.
 26161 | Snake:1  | HP: 39/156 [poisoned by a naga sharpshooter (splash of
                  | poison)]
 26166 | Snake:1  | HP: 35/156 [poisoned by a naga sharpshooter (splash of
                  | poison)]
 26308 | Snake:1  | 26308 ||| INVOKING Heroism.
 26460 | Snake:2  | 26460 ||| INVOKING Heroism.
 26481 | Snake:2  | 26481 ||| STAIRDANCE
 26655 | Snake:2  | 26655 ||| STAIRDANCE
 26695 | Snake:2  | 26695 ||| INVOKING Heroism.
 26730 | Snake:2  | 26730 ||| Stepping ~*~*~tactically~*~*~ (outnumbered).
 26733 | Snake:2  | 26733 ||| Stepping ~*~*~tactically~*~*~ (outnumbered).
 26735 | Snake:2  | 26735 ||| Stepping ~*~*~tactically~*~*~ (outnumbered).
 26743 | Snake:2  | Reached skill level 18 in Fighting
 26862 | Snake:2  | 26862 ||| INVOKING Heroism.
 27015 | Snake:2  | Reached skill level 9 in Armour
 27213 | Snake:2  | 27213 ||| INVOKING Heroism.
 27220 | Snake:2  | 27220 ||| Stepping ~*~*~tactically~*~*~ (outnumbered).
 27675 | Snake:3  | 27675 ||| INVOKING Heroism.
 27811 | Snake:3  | 27811 ||| Stepping ~*~*~tactically~*~*~ (outnumbered).
 27813 | Snake:3  | 27813 ||| Stepping ~*~*~tactically~*~*~ (outnumbered).
 27815 | Snake:3  | 27815 ||| Stepping ~*~*~tactically~*~*~ (outnumbered).
 27817 | Snake:3  | 27817 ||| Stepping ~*~*~tactically~*~*~ (outnumbered).
 27819 | Snake:3  | 27819 ||| Stepping ~*~*~tactically~*~*~ (outnumbered).
 27836 | Snake:3  | Received a gift from Okawaru
 27990 | Snake:3  | 27990 ||| Stepping ~*~*~tactically~*~*~ (outnumbered).
 27992 | Snake:3  | 27992 ||| Stepping ~*~*~tactically~*~*~ (outnumbered).
 27994 | Snake:3  | 27994 ||| Stepping ~*~*~tactically~*~*~ (outnumbered).
 27996 | Snake:3  | 27996 ||| Stepping ~*~*~tactically~*~*~ (outnumbered).
 27998 | Snake:3  | 27998 ||| Stepping ~*~*~tactically~*~*~ (outnumbered).
 28088 | Snake:3  | Identified the +6 crystal plate armour "Qajur" {rF- rC+
                  | Will+ MP+9} (Okawaru gifted it to you on level 3 of the
                  | Snake Pit)
 28088 | Snake:3  | Received a gift from Okawaru
 28089 | Snake:3  | 28089 ||| Stepping ~*~*~tactically~*~*~ (outnumbered).
 28094 | Snake:3  | 28094 ||| Stepping ~*~*~tactically~*~*~ (outnumbered).
 28095 | Snake:3  | 28095 ||| Stepping ~*~*~tactically~*~*~ (outnumbered).
 28097 | Snake:3  | 28097 ||| Stepping ~*~*~tactically~*~*~ (outnumbered).
 28317 | Snake:3  | 28317 ||| PLANNING SWAMP:4
 28439 | Swamp:4  | Entered Level 4 of the Swamp
 28440 | Swamp:4  | 28440 ||| INVOKING Heroism.
 28492 | Swamp:4  | Reached skill level 19 in Fighting
 28492 | Swamp:4  | Reached XP level 17. HP: 168/168 MP: 23/23
 28501 | Swamp:4  | 28501 ||| INVOKING Heroism.
 28547 | Swamp:4  | 28547 ||| Stepping ~*~*~tactically~*~*~ (water).
 28565 | Swamp:4  | 28565 ||| Stepping ~*~*~tactically~*~*~ (outnumbered).
 28571 | Swamp:4  | 28571 ||| Stepping ~*~*~tactically~*~*~ (outnumbered).
 28574 | Swamp:4  | 28574 ||| Stepping ~*~*~tactically~*~*~ (outnumbered).
 28576 | Swamp:4  | 28576 ||| Stepping ~*~*~tactically~*~*~ (outnumbered).
 28582 | Swamp:4  | 28582 ||| Stepping ~*~*~tactically~*~*~ (outnumbered).
 28596 | Swamp:4  | 28596 ||| INVOKING Heroism.
 28597 | Swamp:4  | 28597 ||| INVOKING Finesse.
 28640 | Swamp:4  | 28640 ||| INVOKING Heroism.
 28648 | Swamp:4  | Reached skill level 18 in Dodging
 28672 | Swamp:4  | 28672 ||| FLEEEEING.
 28878 | Swamp:4  | 28878 ||| INVOKING Heroism.
 28951 | Swamp:4  | 28951 ||| Stepping ~*~*~tactically~*~*~ (water).
 29004 | Swamp:4  | Got a decaying rune of Zot
 29027 | Swamp:4  | 29027 ||| Stepping ~*~*~tactically~*~*~ (water).
 29030 | Swamp:4  | 29030 ||| Stepping ~*~*~tactically~*~*~ (water).
 29035 | Swamp:4  | 29035 ||| Stepping ~*~*~tactically~*~*~ (cloud).
 29050 | Swamp:4  | 29050 ||| Stepping ~*~*~tactically~*~*~ (water).
 29079 | Swamp:4  | Noticed Kirke
 29083 | Swamp:4  | 29083 ||| Stepping ~*~*~tactically~*~*~ (outnumbered).
 29096 | Swamp:4  | 29096 ||| Stepping ~*~*~tactically~*~*~ (outnumbered).
 29100 | Swamp:4  | Killed Kirke
 29126 | Swamp:4  | 29126 ||| Stepping ~*~*~tactically~*~*~ (water).
 29141 | Swamp:4  | 29141 ||| Stepping ~*~*~tactically~*~*~ (water).
 29197 | Swamp:4  | 29197 ||| INVOKING Heroism.
 29340 | Swamp:4  | Received a gift from Okawaru
 29341 | Swamp:4  | Reached skill level 20 in Fighting
 29503 | Swamp:4  | 29503 ||| PLANNING VAULTS:1-4
 29503 | Swamp:4  | 29503 ||| DROPPING amulet of regeneration.
 29504 | Swamp:4  | 29504 ||| DROPPING ring of fire.
 29766 | Vaults:1 | Entered Level 1 of the Vaults
 29767 | Vaults:1 | 29767 ||| PLANNING BAZAAR
 29778 | Vaults:1 | 29778 ||| Stepping ~*~*~tactically~*~*~ (outnumbered).
 29782 | Vaults:1 | 29782 ||| Stepping ~*~*~tactically~*~*~ (outnumbered).
 29809 | Vaults:1 | 29809 ||| DRINKING potion of resistance.
 29842 | Vaults:1 | 29842 ||| INVOKING Heroism.
 29900 | Vaults:1 | 29900 ||| FLEEEEING.
 29901 | Vaults:1 | 29901 ||| FLEEEEING.
 29911 | Vaults:1 | 29911 ||| STAIRDANCE
 30131 | Vaults:1 | 30131 ||| Stepping ~*~*~tactically~*~*~ (outnumbered).
 30132 | Vaults:1 | 30132 ||| INVOKING Heroism.
 30133 | Vaults:1 | 30133 ||| INVOKING Finesse.
 30223 | Vaults:1 | 30223 ||| INVOKING Heroism.
 30562 | Vaults:1 | 30562 ||| INVOKING Heroism.
 30563 | Vaults:1 | 30563 ||| INVOKING Finesse.
 30738 | Vaults:1 | 30738 ||| RIP BAZAAR
 30744 | Vaults:1 | 30744 ||| PLANNING VAULTS:1-4
 30802 | Vaults:1 | Found a runed translucent gate.
 30803 | Vaults:1 | Found a runed translucent gate.
 30803 | Vaults:1 | Found a runed translucent gate.
 30803 | Vaults:1 | Noticed Forgeling's ghost (adept FeEn)
 30912 | Vaults:1 | 30912 ||| Stepping ~*~*~tactically~*~*~ (outnumbered).
 30916 | Vaults:1 | 30916 ||| Stepping ~*~*~tactically~*~*~ (outnumbered).
 30919 | Vaults:1 | 30919 ||| Stepping ~*~*~tactically~*~*~ (outnumbered).
 30931 | Vaults:1 | 30931 ||| INVOKING Heroism.
 31094 | Vaults:1 | 31094 ||| INVOKING Heroism.
 31424 | Vaults:1 | 31424 ||| DRINKING potion of cancellation.
 31425 | Vaults:1 | 31425 ||| INVOKING Heroism.
 31428 | Vaults:1 | 31428 ||| Stepping ~*~*~tactically~*~*~ (outnumbered).
 31430 | Vaults:1 | 31430 ||| Stepping ~*~*~tactically~*~*~ (outnumbered).
 31434 | Vaults:1 | 31434 ||| INVOKING Finesse.
 31443 | Vaults:1 | Reached skill level 21 in Fighting
 31443 | Vaults:1 | Reached XP level 18. HP: 60/182 MP: 18/24
 31448 | Vaults:1 | HP: 32/182 [fire giant/+1 great sword of flaming (23)]
 31449 | Vaults:1 | 31449 ||| READING 10 scrolls of teleportation.
 31450 | Vaults:1 | 31450 ||| DRINKING 9 potions of heal wounds.
 31453 | Vaults:1 | HP: 45/182 [fire giant/+1 great sword of flaming (1)]
 31454 | Vaults:1 | 31454 ||| DRINKING 8 potions of heal wounds.
 31587 | Vaults:1 | 31587 ||| INVOKING Heroism.
 31727 | Vaults:1 | 31727 ||| INVOKING Heroism.
 32149 | Vaults:1 | Found an iron altar of Okawaru.
 32172 | Vaults:2 | 32172 ||| PLANNING WIZLAB
 32193 | Vaults:2 | 32193 ||| Stepping ~*~*~tactically~*~*~ (outnumbered).
 32194 | Vaults:2 | 32194 ||| INVOKING Heroism.
 32195 | Vaults:2 | 32195 ||| INVOKING Finesse.
 32243 | Vaults:2 | 32243 ||| Stepping ~*~*~tactically~*~*~ (outnumbered).
 32378 | Vaults:2 | Found Nunnoss's Antique Weapon Shop.
 32383 | Vaults:2 | Identified the +0 plate armour of Cowardice {Rampage
                  | Slay+4} (Okawaru gifted it to you on level 2 of the Vaults)
 32383 | Vaults:2 | Received a gift from Okawaru
 32397 | Vaults:2 | 32397 ||| Stepping ~*~*~tactically~*~*~ (outnumbered).
 32399 | Vaults:2 | 32399 ||| FLEEEEING.
 32404 | Vaults:2 | 32404 ||| FLEEEEING.
 32407 | Vaults:2 | 32407 ||| STAIRDANCE
 32695 | Vaults:2 | 32695 ||| FLEEEEING.
 32696 | Vaults:2 | 32696 ||| FLEEEEING.
 32697 | Vaults:2 | 32697 ||| FLEEEEING.
 32698 | Vaults:2 | 32698 ||| FLEEEEING.
 32699 | Vaults:2 | 32699 ||| FLEEEEING.
 32700 | Vaults:2 | 32700 ||| FLEEEEING.
 32701 | Vaults:2 | 32701 ||| FLEEEEING.
 32702 | Vaults:2 | 32702 ||| FLEEEEING.
 32703 | Vaults:2 | 32703 ||| FLEEEEING.
 32704 | Vaults:2 | 32704 ||| FLEEEEING.
 32705 | Vaults:2 | 32705 ||| FLEEEEING.
 32706 | Vaults:2 | 32706 ||| FLEEEEING.
 32707 | Vaults:2 | 32707 ||| FLEEEEING.
 32708 | Vaults:2 | 32708 ||| FLEEEEING.
 32709 | Vaults:2 | 32709 ||| FLEEEEING.
 32710 | Vaults:2 | 32710 ||| FLEEEEING.
 32711 | Vaults:2 | 32711 ||| FLEEEEING.
 32712 | Vaults:2 | 32712 ||| FLEEEEING.
 32713 | Vaults:2 | 32713 ||| FLEEEEING.
 32714 | Vaults:2 | 32714 ||| FLEEEEING.
 32715 | Vaults:2 | 32715 ||| FLEEEEING.
 32716 | Vaults:2 | 32716 ||| FLEEEEING.
 32717 | Vaults:2 | 32717 ||| FLEEEEING.
 32718 | Vaults:2 | 32718 ||| FLEEEEING.
 32719 | Vaults:2 | 32719 ||| FLEEEEING.
 32720 | Vaults:2 | 32720 ||| FLEEEEING.
 32721 | Vaults:2 | 32721 ||| FLEEEEING.
 32722 | Vaults:2 | 32722 ||| FLEEEEING.
 32723 | Vaults:2 | 32723 ||| FLEEEEING.
 32857 | Vaults:2 | 32857 ||| Stepping ~*~*~tactically~*~*~ (outnumbered).
 32859 | Vaults:2 | 32859 ||| Stepping ~*~*~tactically~*~*~ (outnumbered).
 32932 | Vaults:2 | 32932 ||| RIP WIZLAB
 32938 | Vaults:2 | 32938 ||| PLANNING VAULTS:1-4
 32949 | Vaults:2 | 32949 ||| FLEEEEING.
 32950 | Vaults:2 | 32950 ||| FLEEEEING.
 32951 | Vaults:2 | 32951 ||| FLEEEEING.
 32952 | Vaults:2 | 32952 ||| FLEEEEING.
 33010 | Vaults:2 | 33010 ||| INVOKING Heroism.
 33011 | Vaults:2 | 33011 ||| INVOKING Finesse.
 33322 | Vaults:2 | 33322 ||| Stepping ~*~*~tactically~*~*~ (outnumbered).
 33326 | Vaults:2 | 33326 ||| INVOKING Heroism.
 33421 | Vaults:2 | 33421 ||| FLEEEEING.
 33423 | Vaults:2 | 33423 ||| FLEEEEING.
 33424 | Vaults:2 | 33424 ||| FLEEEEING.
 33426 | Vaults:2 | 33426 ||| FLEEEEING.
 33436 | Vaults:2 | 33436 ||| INVOKING Heroism.
 33444 | Vaults:2 | Reached skill level 22 in Fighting
 33558 | Vaults:2 | 33558 ||| Stepping ~*~*~tactically~*~*~ (outnumbered).
 33563 | Vaults:2 | 33563 ||| INVOKING Heroism.
 33571 | Vaults:2 | 33571 ||| Stepping ~*~*~tactically~*~*~ (outnumbered).
 33574 | Vaults:2 | 33574 ||| Stepping ~*~*~tactically~*~*~ (outnumbered).
 33801 | Vaults:2 | 33801 ||| INVOKING Heroism.
 33802 | Vaults:2 | 33802 ||| INVOKING Finesse.
 33806 | Vaults:2 | Received a gift from Okawaru
 33889 | Vaults:2 | 33889 ||| INVOKING Heroism.
 34326 | Vaults:2 | Found a staircase to the Crypt.
 34344 | Vaults:2 | 34344 ||| FLEEEEING.
 34533 | Vaults:3 | 34533 ||| INVOKING Heroism.
 34534 | Vaults:3 | 34534 ||| Stepping ~*~*~tactically~*~*~ (outnumbered).
 34535 | Vaults:3 | 34535 ||| INVOKING Finesse.
 34605 | Vaults:3 | 34605 ||| INVOKING Heroism.
 34606 | Vaults:3 | 34606 ||| INVOKING Finesse.
 34615 | Vaults:3 | Reached skill level 23 in Fighting
 34655 | Vaults:3 | Identified the amulet "Jaabof" {Regen+ Int+5 Slay+3}
 34676 | Vaults:3 | 34676 ||| FLEEEEING.
 34687 | Vaults:3 | 34687 ||| FLEEEEING.
 34836 | Vaults:3 | 34836 ||| INVOKING Heroism.
 34862 | Vaults:3 | 34862 ||| Stepping ~*~*~tactically~*~*~ (outnumbered).
 34863 | Vaults:3 | 34863 ||| Stepping ~*~*~tactically~*~*~ (outnumbered).
 35060 | Vaults:3 | Found Vauty's Book Emporium.
 35064 | Vaults:3 | 35064 ||| INVOKING Heroism.
 35188 | Vaults:3 | Reached XP level 19. HP: 195/195 MP: 25/25
 35583 | Vaults:3 | 35583 ||| Stepping ~*~*~tactically~*~*~ (outnumbered).
 35585 | Vaults:3 | 35585 ||| Stepping ~*~*~tactically~*~*~ (outnumbered).
 35586 | Vaults:3 | 35586 ||| Stepping ~*~*~tactically~*~*~ (outnumbered).
 35629 | Vaults:3 | Identified the +1 ring mail "Kaonyo" {rPois Will+} (Okawaru
                  | gifted it to you on level 3 of the Vaults)
 35629 | Vaults:3 | Received a gift from Okawaru
 35630 | Vaults:3 | Reached skill level 21 in Dodging
 35637 | Vaults:3 | 35637 ||| INVOKING Heroism.
 35638 | Vaults:3 | 35638 ||| INVOKING Finesse.
 35672 | Vaults:3 | 35672 ||| Stepping ~*~*~tactically~*~*~ (outnumbered).
 35673 | Vaults:3 | 35673 ||| Stepping ~*~*~tactically~*~*~ (outnumbered).
 35988 | Vaults:3 | 35988 ||| INVOKING Heroism.
 36196 | Vaults:3 | 36196 ||| UPGRADING to +1 ring mail "Kaonyo" {rPois Will+}.
 36206 | Vaults:3 | 36206 ||| DROPPING amulet of reflection.
 36239 | Vaults:3 | 36239 ||| INVOKING Heroism.
 36240 | Vaults:3 | 36240 ||| INVOKING Finesse.
 36384 | Vaults:4 | 36384 ||| READING scroll of enchant weapon.
 36384 | Vaults:4 | 36384 ||| ENCHANTING +6 longbow of freezing.
 36430 | Vaults:4 | Noticed Boris
 36431 | Vaults:4 | 36431 ||| INVOKING Heroism.
 36448 | Vaults:4 | Killed Boris
 36460 | Vaults:4 | Identified the +1 scale mail of Nuargh {*Slow rC+ Int+4}
 36512 | Vaults:4 | Reached skill level 12 in Armour
 36577 | Vaults:4 | 36577 ||| INVOKING Heroism.
 36888 | Vaults:4 | Received a gift from Okawaru
 36907 | Vaults:4 | 36907 ||| INVOKING Heroism.
 37134 | Vaults:4 | 37134 ||| INVOKING Heroism.
 37151 | Vaults:4 | 37151 ||| FLEEEEING.
 37152 | Vaults:4 | 37152 ||| FLEEEEING.
 37153 | Vaults:4 | 37153 ||| FLEEEEING.
 37154 | Vaults:4 | 37154 ||| FLEEEEING.
 37155 | Vaults:4 | 37155 ||| FLEEEEING.
 37156 | Vaults:4 | 37156 ||| FLEEEEING.
 37157 | Vaults:4 | 37157 ||| FLEEEEING.
 37158 | Vaults:4 | 37158 ||| FLEEEEING.
 37159 | Vaults:4 | 37159 ||| FLEEEEING.
 37160 | Vaults:4 | 37160 ||| FLEEEEING.
 37161 | Vaults:4 | 37161 ||| FLEEEEING.
 37162 | Vaults:4 | 37162 ||| FLEEEEING.
 37163 | Vaults:4 | 37163 ||| FLEEEEING.
 37169 | Vaults:4 | 37169 ||| FLEEEEING.
 37170 | Vaults:4 | 37170 ||| FLEEEEING.
 37171 | Vaults:4 | 37171 ||| STAIRDANCE
 37366 | Vaults:3 | 37366 ||| DROPPING +2 leather armour of positive energy.
 37558 | Vaults:4 | 37558 ||| INVOKING Heroism.
 37899 | Vaults:4 | 37899 ||| INVOKING Heroism.
 37901 | Vaults:4 | 37901 ||| Stepping ~*~*~tactically~*~*~ (outnumbered).
 37910 | Vaults:4 | Reached skill level 24 in Fighting
 37951 | Vaults:4 | 37951 ||| INVOKING Heroism.
 38213 | Vaults:4 | 38213 ||| INVOKING Heroism.
 38214 | Vaults:4 | 38214 ||| INVOKING Finesse.
 38263 | Vaults:4 | Reached skill level 15 in Armour
 38277 | Vaults:4 | 38277 ||| Stepping ~*~*~tactically~*~*~ (outnumbered).
 38284 | Vaults:4 | 38284 ||| INVOKING Heroism.
 38427 | Vaults:4 | Received a gift from Okawaru
 38508 | Vaults:4 | 38508 ||| PLANNING SNAKE:4
 38918 | Snake:4  | Entered Level 4 of the Snake Pit
 38918 | Snake:4  | Noticed Roxanne
 38919 | Snake:4  | 38919 ||| INVOKING Heroism.
 38920 | Snake:4  | 38920 ||| INVOKING Finesse.
 38934 | Snake:4  | Killed Roxanne
 38935 | Snake:4  | Reached XP level 20. HP: 173/207 MP: 19/26
 38950 | Snake:4  | 38950 ||| Stepping ~*~*~tactically~*~*~ (outnumbered).
 39195 | Snake:4  | 39195 ||| FLEEEEING.
 39196 | Snake:4  | 39196 ||| FLEEEEING.
 39200 | Snake:4  | 39200 ||| FLEEEEING.
 39201 | Snake:4  | 39201 ||| FLEEEEING.
 39215 | Snake:4  | 39215 ||| FLEEEEING.
 39371 | Snake:4  | 39371 ||| Stepping ~*~*~tactically~*~*~ (outnumbered).
 39424 | Snake:4  | Reached skill level 25 in Fighting
 39474 | Snake:4  | 39474 ||| Stepping ~*~*~tactically~*~*~ (outnumbered).
 39485 | Snake:4  | 39485 ||| Stepping ~*~*~tactically~*~*~ (outnumbered).
 39511 | Snake:4  | 39511 ||| Stepping ~*~*~tactically~*~*~ (outnumbered).
 39516 | Snake:4  | 39516 ||| Stepping ~*~*~tactically~*~*~ (outnumbered).
 39598 | Snake:4  | Identified the -2 hat of the Northern Lights {rN+ Int+3}
                  | (Okawaru gifted it to you on level 4 of the Snake Pit)
 39598 | Snake:4  | Received a gift from Okawaru
 39739 | Snake:4  | 39739 ||| FLEEEEING.
 39740 | Snake:4  | 39740 ||| FLEEEEING.
 39741 | Snake:4  | 39741 ||| FLEEEEING.
 39742 | Snake:4  | 39742 ||| FLEEEEING.
 39757 | Snake:4  | 39757 ||| FLEEEEING.
 39758 | Snake:4  | 39758 ||| FLEEEEING.
 39767 | Snake:4  | 39767 ||| FLEEEEING.
 39768 | Snake:4  | 39768 ||| FLEEEEING.
 39769 | Snake:4  | 39769 ||| FLEEEEING.
 39770 | Snake:4  | 39770 ||| FLEEEEING.
 39774 | Snake:4  | 39774 ||| FLEEEEING.
 39775 | Snake:4  | 39775 ||| FLEEEEING.
 39777 | Snake:4  | 39777 ||| FLEEEEING.
 39778 | Snake:4  | 39778 ||| FLEEEEING.
 39779 | Snake:4  | 39779 ||| FLEEEEING.
 39780 | Snake:4  | 39780 ||| FLEEEEING.
 39781 | Snake:4  | 39781 ||| FLEEEEING.
 39784 | Snake:4  | 39784 ||| FLEEEEING.
 39785 | Snake:4  | 39785 ||| FLEEEEING.
 39786 | Snake:4  | 39786 ||| FLEEEEING.
 39787 | Snake:4  | 39787 ||| FLEEEEING.
 39788 | Snake:4  | 39788 ||| FLEEEEING.
 39789 | Snake:4  | 39789 ||| FLEEEEING.
 39791 | Snake:4  | 39791 ||| FLEEEEING.
 39792 | Snake:4  | 39792 ||| FLEEEEING.
 39793 | Snake:4  | 39793 ||| FLEEEEING.
 39794 | Snake:4  | 39794 ||| FLEEEEING.
 39795 | Snake:4  | 39795 ||| FLEEEEING.
 39796 | Snake:4  | 39796 ||| FLEEEEING.
 39797 | Snake:4  | 39797 ||| FLEEEEING.
 39798 | Snake:4  | 39798 ||| FLEEEEING.
 39799 | Snake:4  | 39799 ||| FLEEEEING.
 39800 | Snake:4  | 39800 ||| STAIRDANCE
 39866 | Snake:3  | 39866 ||| DROPPING -2 hat of the Northern Lights {rN+
                  | Int+3}.
 39947 | Snake:4  | 39947 ||| Stepping ~*~*~tactically~*~*~ (outnumbered).
 39950 | Snake:4  | 39950 ||| Stepping ~*~*~tactically~*~*~ (outnumbered).
 40025 | Snake:4  | Noticed Asterion
 40026 | Snake:4  | 40026 ||| Stepping ~*~*~tactically~*~*~ (outnumbered).
 40028 | Snake:4  | 40028 ||| Stepping ~*~*~tactically~*~*~ (outnumbered).
 40035 | Snake:4  | 40035 ||| Stepping ~*~*~tactically~*~*~ (outnumbered).
 40036 | Snake:4  | 40036 ||| Stepping ~*~*~tactically~*~*~ (outnumbered).
 40052 | Snake:4  | 40052 ||| INVOKING Heroism.
 40053 | Snake:4  | 40053 ||| INVOKING Finesse.
 40062 | Snake:4  | Killed Asterion
 40392 | Snake:4  | Got a serpentine rune of Zot
 40393 | Snake:4  | 40393 ||| PLANNING DEPTHS
 40393 | Snake:4  | 40393 ||| DROPPING +3 leather armour of poison resistance.
 40394 | Snake:4  | 40394 ||| UPGRADING to +2 leather armour "Biupnew" {*Slow
                  | rC+ Str+3 SInv}.
 40404 | Snake:4  | 40404 ||| DROPPING +0 cloak of poison resistance.
 40405 | Snake:4  | 40405 ||| DROPPING +1 ring mail "Kaonyo" {rPois Will+}.
 40406 | Snake:4  | 40406 ||| DROPPING ring of poison resistance.
 40733 | Depths:1 | Entered Level 1 of the Depths
 40762 | Depths:1 | 40762 ||| FLEEEEING.
 40763 | Depths:1 | 40763 ||| FLEEEEING.
 40764 | Depths:1 | 40764 ||| FLEEEEING.
 40765 | Depths:1 | 40765 ||| FLEEEEING.
 40766 | Depths:1 | 40766 ||| FLEEEEING.
 40767 | Depths:1 | 40767 ||| FLEEEEING.
 40768 | Depths:1 | 40768 ||| FLEEEEING.
 40770 | Depths:1 | 40770 ||| STAIRDANCE
 40875 | Depths:1 | 40875 ||| INVOKING Heroism.
 40876 | Depths:1 | 40876 ||| INVOKING Finesse.
 41076 | Depths:1 | 41076 ||| INVOKING Heroism.
 41077 | Depths:1 | 41077 ||| INVOKING Finesse.
 41185 | Depths:1 | Found an ancient bone altar of Kikubaaqudgha.
 41393 | Depths:1 | 41393 ||| INVOKING Heroism.
 41400 | Depths:1 | 41400 ||| INVOKING Finesse.
 41401 | Depths:1 | 41401 ||| INVOKING Finesse.
 41461 | Depths:1 | 41461 ||| FLEEEEING.
 41462 | Depths:1 | 41462 ||| FLEEEEING.
 41463 | Depths:1 | 41463 ||| FLEEEEING.
 41464 | Depths:1 | 41464 ||| FLEEEEING.
 41465 | Depths:1 | 41465 ||| FLEEEEING.
 41466 | Depths:1 | 41466 ||| FLEEEEING.
 41467 | Depths:1 | 41467 ||| FLEEEEING.
 41468 | Depths:1 | 41468 ||| FLEEEEING.
 41469 | Depths:1 | 41469 ||| FLEEEEING.
 41588 | Depths:1 | Found a gateway to Hell.
 41640 | Depths:1 | 41640 ||| READING scroll of brand weapon.
 41640 | Depths:1 | 41640 ||| BRANDING +7 longbow of freezing.
 41848 | Depths:1 | 41848 ||| READING 27 scrolls of identify.
 41848 | Depths:1 | 41848 ||| IDENTIFYING bubbling cyan potion
 41849 | Depths:1 | 41849 ||| DROPPING potion of ambrosia.
 41892 | Depths:2 | 41892 ||| INVOKING Heroism.
 41957 | Depths:2 | 41957 ||| INVOKING Heroism.
 41958 | Depths:2 | 41958 ||| INVOKING Finesse.
 41977 | Depths:2 | Noticed a juggernaut
 41992 | Depths:2 | Killed a juggernaut
 41993 | Depths:2 | Reached skill level 26 in Fighting
 42205 | Depths:2 | 42205 ||| INVOKING Heroism.
 42206 | Depths:2 | 42206 ||| Stepping ~*~*~tactically~*~*~ (outnumbered).
 42216 | Depths:2 | 42216 ||| Stepping ~*~*~tactically~*~*~ (outnumbered).
 42217 | Depths:2 | 42217 ||| Stepping ~*~*~tactically~*~*~ (outnumbered).
 42335 | Depths:2 | 42335 ||| INVOKING Heroism.
 42373 | Depths:2 | Reached XP level 21. HP: 222/222 MP: 27/27
 42375 | Depths:2 | 42375 ||| INVOKING Finesse.
 42385 | Depths:2 | 42385 ||| INVOKING Heroism.
 42399 | Depths:2 | 42399 ||| Stepping ~*~*~tactically~*~*~ (outnumbered).
 42550 | Depths:2 | 42550 ||| INVOKING Heroism.
 42580 | Depths:2 | 42580 ||| Stepping ~*~*~tactically~*~*~ (outnumbered).
 42585 | Depths:2 | 42585 ||| INVOKING Heroism.
 42652 | Depths:2 | 42652 ||| FLEEEEING.
 42653 | Depths:2 | 42653 ||| FLEEEEING.
 42654 | Depths:2 | 42654 ||| FLEEEEING.
 42655 | Depths:2 | 42655 ||| FLEEEEING.
 42659 | Depths:2 | 42659 ||| STAIRDANCE
 42723 | Depths:1 | 42723 ||| DROPPING +1 pair of boots.
 42764 | Depths:2 | Found Maqyvoc's Armour Shop.
 42798 | Depths:2 | 42798 ||| INVOKING Heroism.
 42968 | Depths:2 | Found Xatitz's Book Boutique.
 42969 | Depths:2 | 42969 ||| BUYING +0 ring mail of fire resistance (143
                  | gold).
 42969 | Depths:2 | Bought a +0 ring mail of fire resistance for 143 gold
                  | pieces
 42989 | Depths:2 | Found Warumach's Jewellery Shoppe.
 42990 | Depths:2 | Found Veon's Book Boutique.
 42998 | Depths:2 | 42998 ||| BUYING +5 ring of evasion (684 gold).
 42998 | Depths:2 | Bought a +5 ring of evasion for 684 gold pieces
 42998 | Depths:2 | 42998 ||| BUYING +6 ring of dexterity (684 gold).
 42998 | Depths:2 | Bought a +6 ring of dexterity for 684 gold pieces
 43182 | Depths:2 | Found a sparkling altar of Nemelex Xobeh.
 43260 | Depths:2 | Noticed Boris
 43261 | Depths:2 | 43261 ||| INVOKING Heroism.
 43263 | Depths:2 | 43263 ||| INVOKING Finesse.
 43279 | Depths:2 | Killed Boris
 43391 | Depths:2 | 43391 ||| INVOKING Heroism.
 43394 | Depths:2 | 43394 ||| Stepping ~*~*~tactically~*~*~ (outnumbered).
 43528 | Depths:2 | Found a one-way gate leading to the halls of Pandemonium.
 43557 | Depths:2 | 43557 ||| DROPPING ring of protection from fire.
 43558 | Depths:2 | 43558 ||| UPGRADING to +5 ring of evasion.
 43560 | Depths:2 | 43560 ||| UPGRADING to +6 ring of dexterity.
 43562 | Depths:2 | 43562 ||| DROPPING +4 ring of protection.
 43563 | Depths:2 | 43563 ||| DROPPING +5 ring of evasion.
 43840 | Depths:3 | 43840 ||| INVOKING Heroism.
 43903 | Depths:3 | 43903 ||| INVOKING Heroism.
 43968 | Depths:3 | 43968 ||| INVOKING Heroism.
 43972 | Depths:3 | Reached skill level 27 in Fighting
 44033 | Depths:3 | Noticed the Enchantress
 44034 | Depths:3 | 44034 ||| INVOKING Heroism.
 44040 | Depths:3 | HP: 53/224 [spriggan defender/+1 demon whip of venom[the
                  | Enchantress] (9)]
 44041 | Depths:3 | 44041 ||| READING 13 scrolls of teleportation.
 44041 | Depths:3 | HP: 22/224 [fire giant/+2 great sword of flaming (6)]
 44042 | Depths:3 | 44042 ||| DRINKING 8 potions of heal wounds.
 44043 | Depths:3 | 44043 ||| DRINKING 7 potions of heal wounds.
 44043 | Depths:3 | HP: 6/224 [tengu reaver/+6 heavy glaive (43)]
 44043 | Depths:3 | Mangled by a spriggan defender

Levels and vault maps discovered:
D:1:      heliophobic_arrival_glass_houses, layout_loops_ring
D:2:      layout_basic, basic_altar, hangedman_feature_mirror,
          minmay_misc_feat_roman
D:3:      layout_loops_corners, nicolae_overflow_squiral,
          cheibrodos_sewer_entry_sluice
D:4:      layout_loops_ring, minmay_temple_entry_wispy, serial_shops, shop
D:5:      layout_loops_ring, cheibrodos_worm_habitat, lemuel_tele_altar,
          serial_shops, shop, roderic_three_in_a_row, uniq_sigmund
D:6:      layout_basic, nicolae_qazlal_general_emergency, xom_confusion_cloud,
          uniq_maggie
D:7:      layout_loops_ring, grunt_ministairs_5, hangedman_decor_points
D:8:      layout_basic, small_statue_alley_b
D:9:      gammafunk_indiana_jones, layout_cave_pods,
          nicolae_yredelemnul_corpse_copse, mainiacjoe_overflow_surrounded_room,
          fedhas_ov_isle_minmay, zombieorc2_lemuel, serial_shops, shop,
          nicolae_shop_temple_entry_statues_fountains,
          nicolae_shop_hallway_stairs, nicolae_shop_overgrown_old_shop
D:10:     layout_basic, overflow_temple_1_default,
          nicolae_gozag_cash_rules_everything_around_me, gammafunk_ghost_arena,
          amethyst_killhole
D:11:     layout_big_octagon, erik_lair_orcish_takeover, serial_column_ruins,
          column_ruins_hut, column_ruins_open_medium,
          column_ruins_columns_dead_end, column_ruins_grid_1,
          column_ruins_open_large, column_ruins_grid_1,
          hangedman_decor_clover_reticule
D:12:     layout_cave_pods, trove_entry_hex_spiral, serial_demonic,
          serial_demonic_b, serial_demonic_a, serial_demonic_f,
          serial_demonic_a, serial_demonic_b, serial_demonic_a,
          serial_demonic_g, serial_demonic_a, minmay_diamond_spiral, uniq_rupert
D:13:     layout_roguey, nicolae_sif_muna_condensation
D:14:     layout_cave_pools, ximxim_vaults_locker_room, minivault_24,
          nicolae_specific_store
D:15:     hangedman_depths_entry_try_elsewhere_first, layout_irregular_city,
          minmay_misc_feat_enclosed, serial_glass, glass_columns_a,
          glass_columns_a, chequers_garden
Lair:1:   layout_gridlike, enter_volcano_4, grunt_megastairs_1
Lair:2:   layout_hall_layers, lemuel_fruit_tree, uniq_urug, uniq_fannar
Lair:3:   layout_regular_city, minmay_swamp_entry_worms,
          minmay_snake_entry_six_corridors, nicolae_lair_run_with_the_wolves,
          uniq_amaemon
Lair:4:   layout_misc_corridors, slime_entry_1, ebering_ghost_funeral_grove
Lair:5:   minmay_lair_end_frog_pond, layout_regular_city,
          portal_ice_cave_entry_pillars_2, st_stairs_10, lookout_lair_type,
          chequers_serial_rivers_marsh, nicolae_lair_grove_arrangements,
          infiniplex_staircase_pool, serial_bayou_shore_a
Swamp:1:  layout_basic_swamp, nicolae_swamp_small_spring, swamp_pool4,
          grunt_lady_of_the_lake
Swamp:2:  layout_basic_swamp, hangedman_swamp_diagram
Swamp:3:  layout_basic_swamp, evilmike_swamp_ruin_house_1, uniq_mlioglotl,
          uniq_jorgrun, uniq_bai_suzhen
Swamp:4:  swamp_alternative, layout_basic_swamp, uniq_kirke
Snake:1:  layout_onion_interference, uniq_aizul
Snake:2:  layout_layer_cave, grunt_ministairs_9, beargit_elvish_explorers
Snake:3:  layout_misc_corridors
Snake:4:  grunt_snake_rune_spirals, layout_onion, nicolae_snake_omega,
          uniq_roxanne, uniq_asterion
Orc:1:    layout_caves, uniq_nergalle, uniq_gastronok
Orc:2:    st_orc_town, layout_diamond_mine, serial_shops, shop_coins
Vaults:1: gammafunk_ghost_fury_of_okawaru, nicolae_vaults_big_angled_halls,
          nicolae_vaults_sightless_eye, nicolae_vaults_sesquioval_fish,
          nicolae_vaults_closet_pinwheel_5, vaults_room_fancy_cross, v_misc_10,
          nicolae_vaults_quadrants, nicolae_vaults_weapon_check,
          nicolae_vaults_back_hallway, nicolae_vaults_ninety_degrees,
          nicolae_vaults_tetromino_T_1, vaults_dpeg_doors,
          layout_vaults_maze_snakey, serial_shops, bzr_entry_customers
Vaults:2: infiniplex_enter_wizlab_water, nicolae_vaults_what_the_h,
          nicolae_vaults_storage_closets_1, v_misc_14, v_misc_2,
          vaults_mumra_minichess_inversion, nicolae_vaults_spaceships,
          nicolae_vaults_closet_pinwheel_1, minmay_crypt_entry_simple_round,
          nicolae_vaults_little_ls, nicolae_vaults_little_guard_posts,
          layout_vaults_omnicross, serial_shops, nicolae_shop_crystal
Vaults:3: st_spiral_rooms, vaults_mumra_hex, ontoclasm_vaults_idyll,
          nicolae_vaults_asterisk, ontoclasm_vaults_shuriken,
          vaults_room_stairs_pillars, nicolae_vaults_trapezoid_layered,
          layout_vaults_quadrants, serial_shops, nicolae_shop_crystal
Vaults:4: nicolae_vaults_trapezoid_lopsided_2, hangedman_vaults_impose,
          ontoclasm_vaults_ring_small, v_misc_11, nicolae_vaults_mitosis,
          hangedman_vaults_capsules, nicolae_vaults_more_shelving_2,
          nicolae_vaults_double_plus_1, v_misc_3,
          vaults_room_hangedman_quadrants, hangedman_vaults_locks,
          nicolae_vaults_diamond_1, layout_vaults_omnibox, uniq_boris
Depths:1: layout_roguey, pf_coc_iceberg, chequers_hall_statues_wall_a,
          hangedman_decor_slide_cut, kiku_gazebo_pond_becter,
          kennysheep_random_hallway
Depths:2: minmay_octo_star, layout_cave_shapes, nemelex_diamond_rough_becter,
          grunt_pan_entry_in_and_out, serial_shops, nicolae_shop_peninsula,
          hell_entry, firewood_loft, minmay_shop_grove
Depths:3: kennysheep_six_static_rooms, layout_cave_shapes,
          hangedman_tar_grid_catacomb, nrook_campfire, abyss_entry, special_room
          [special_room_magic_class], minmay_curled_crystal,
          ebering_dispersal_statue_hall, infiniplex_staircase_zigzag_1,
          uniq_enchantress

Skill      XL: |  1  2  3  4  5  6  7  8  9 10 11 12 13 14 15 16 17 18 19 20 21 |
---------------+----------------------------------------------------------------+-----
Ranged Weapons | 3 4 5 6 8 10 12 13 15 16 19 20 | 20.1
Fighting       | 2 5 6 7 9 10 11 12 14 17 19 21 23 24 26 27 | 27.0
Armour         | 1 2 4 5 6 7 9 10 11 15 16 | 16.0
Invocations    | 1 4 5 9 10 11 | 11.1
Dodging        | 3 5 6 9 10 12 14 17 19 20 21 22 | 22.0
Spellcasting   | |  1.0
Hexes          | |  2.0

Action                     |  1- 3 |  4- 6 |  7- 9 | 10-12 | 13-15 | 16-18 | 19-21 || total
---------------------------+-------+-------+-------+-------+-------+-------+-------++-------
   Fire: Sling             |   141 |    85 |   167 |       |       |       |       ||   393
         Orcbow            |       |       |   181 |   224 |       |       |       ||   405
         Longbow           |       |       |       |   508 |  1245 |  1403 |  1379 ||  4535
 Invoke: Heroism           |       |       |    10 |    21 |    44 |    43 |    31 ||   149
         Finesse           |       |       |       |     2 |     8 |     9 |    11 ||    30
    Use: Scroll            |     5 |     7 |    11 |    10 |     5 |     3 |     4 ||    45
         Potion            |       |     3 |       |       |     1 |     6 |     2 ||    12
 Armour: Robe              |     2 |       |       |       |       |       |       ||     2
         Ring mail         |    22 |    20 |    53 |       |       |       |    61 ||   156
         Steam dragon scal |       |       |    32 |    58 |       |       |       ||    90
         Leather armour    |       |       |       |    50 |    93 |   119 |    47 ||   309
  Dodge: Dodged            |    43 |    50 |   113 |   279 |   357 |   663 |   671 ||  2176

Table legend:
 A = Non-vault XP
 B = Vault XP
 C = Vault XP percentage of total XP
 D = Non-vault monster count
 E = Vault monster count
 F = Vault count percentage of total count
                 A         B        C        D         E       F
            +---------+---------+-------+---------+---------+-------
      Total |  374023 |  252381 |  40.3 |     902 |     500 |  35.7
            +---------+---------+-------+---------+---------+-------
        D:1 |      36 |       0 |   0.0 |      19 |       0 |   0.0
        D:2 |      21 |      12 |  36.4 |      11 |       6 |  35.3
        D:3 |      24 |       9 |  27.3 |       7 |       3 |  30.0
        D:4 |       6 |       0 |   0.0 |       4 |       0 |   0.0
        D:5 |     449 |     244 |  35.2 |      15 |       2 |  11.8
        D:6 |     783 |     763 |  49.4 |      14 |       8 |  36.4
        D:7 |     407 |     270 |  39.9 |       6 |       2 |  25.0
        D:8 |    3144 |       0 |   0.0 |      25 |       0 |   0.0
        D:9 |    1826 |    2404 |  56.8 |      21 |      46 |  68.7
       D:10 |    2011 |       0 |   0.0 |      25 |       0 |   0.0
       D:11 |    3831 |    2877 |  42.9 |      14 |      11 |  44.0
       D:12 |    2590 |    4878 |  65.3 |      12 |      16 |  57.1
       D:13 |    4960 |       0 |   0.0 |      15 |       0 |   0.0
       D:14 |    8239 |    3775 |  31.4 |      15 |       9 |  37.5
       D:15 |   18081 |    2228 |  11.0 |      31 |       4 |  11.4
     Lair:1 |    7077 |    1039 |  12.8 |      28 |       4 |  12.5
     Lair:2 |    3252 |    1689 |  34.2 |      12 |       2 |  14.3
     Lair:3 |    5542 |    6725 |  54.8 |      25 |      22 |  46.8
     Lair:4 |    8652 |       0 |   0.0 |      26 |       0 |   0.0
     Lair:5 |    8379 |   11434 |  57.7 |      32 |      40 |  55.6
    Swamp:1 |   10247 |       0 |   0.0 |      24 |       0 |   0.0
    Swamp:2 |   10577 |       0 |   0.0 |      19 |       0 |   0.0
    Swamp:3 |    9415 |    6816 |  42.0 |      14 |       3 |  17.6
    Swamp:4 |   17794 |   18801 |  51.4 |      35 |      31 |  47.0
    Snake:1 |    8098 |    1350 |  14.3 |      15 |       1 |   6.2
    Snake:2 |   12716 |    4658 |  26.8 |      30 |       7 |  18.9
    Snake:3 |   16994 |       0 |   0.0 |      39 |       0 |   0.0
    Snake:4 |   19126 |   45281 |  70.3 |      42 |      56 |  57.1
      Orc:1 |    1353 |    2374 |  63.7 |      25 |       2 |   7.4
      Orc:2 |    3394 |    6522 |  65.8 |      40 |      57 |  58.8
   Vaults:1 |   24099 |   25558 |  51.5 |      38 |      34 |  47.2
   Vaults:2 |   29071 |   32157 |  52.5 |      48 |      41 |  46.1
   Vaults:3 |   34913 |   12806 |  26.8 |      56 |      14 |  20.0
   Vaults:4 |   39153 |   25723 |  39.6 |      53 |      32 |  37.6
   Depths:1 |   13582 |    7495 |  35.6 |      15 |       6 |  28.6
   Depths:2 |   40596 |   19861 |  32.9 |      48 |      14 |  22.6
   Depths:3 |    3585 |    4505 |  55.7 |       4 |       5 |  55.6
      Sewer |       0 |     127 | 100.0 |       0 |      22 | 100.0
            +---------+---------+-------+---------+---------+-------
